Workbook

Sheet Budget vs actual
A1: US sales revenue, March (actual)
A2: line | B2: Mar-26
A3: revenue | B3: ='Budget vs actual value'!G2 -> 457920
A5: US sales revenue variance, March
A6: line | B6: Mar-26
A7: revenue | B7: ='Budget vs actual value'!G4 -> -31680
A9: US sales net variance, March
A10: line | B10: Mar-26
A11: Net | B11: ='Budget vs actual value'!G68 -> -47828
A13: US sales net variance %, March
A14: line | B14: Mar-26
A15: Net | B15: ='Budget vs actual value'!G69 -> -0.18431681
A17: March: actual, budget, variance and commentary (commentary editable) | B17: Inputs: edit the blue cells on the 'Budget vs actual value' sheet; this table follows them.
A18: subsidiary | B18: department | C18: line | D18: actual | E18: budget | F18: variance | G18: Variance %
A19: us | B19: sales | C19: revenue | D19: ='Budget vs actual value'!G2 -> 457920 | E19: ='Budget vs actual value'!G3 -> 489600 | F19: ='Budget vs actual value'!G4 -> -31680 | G19: ='Budget vs actual value'!G5 -> -0.064705882
C20: salaries | D20: ='Budget vs actual value'!G18 -> -198432 | E20: ='Budget vs actual value'!G19 -> -183600 | F20: ='Budget vs actual value'!G20 -> -14832 | G20: ='Budget vs actual value'!G21 -> -0.080784314
C21: cloud | D21: ='Budget vs actual value'!G34 -> -36634 | E21: ='Budget vs actual value'!G35 -> -36720 | F21: ='Budget vs actual value'!G36 -> 86 | G21: ='Budget vs actual value'!G37 -> 0.0023420479
C22: travel | D22: ='Budget vs actual value'!G50 -> -11194 | E22: ='Budget vs actual value'!G51 -> -9792 | F22: ='Budget vs actual value'!G52 -> -1402 | G22: ='Budget vs actual value'!G53 -> -0.1431781
C23: Net | D23: ='Budget vs actual value'!G66 -> 211660 | E23: ='Budget vs actual value'!G67 -> 259488 | F23: ='Budget vs actual value'!G68 -> -47828 | G23: ='Budget vs actual value'!G69 -> -0.18431681
B24: engineering | C24: revenue | D24: ='Budget vs actual value'!G6 -> 0 | E24: ='Budget vs actual value'!G7 | F24: ='Budget vs actual value'!G8 -> 0 | G24: ='Budget vs actual value'!G9
C25: salaries | D25: ='Budget vs actual value'!G22 -> -179352 | E25: ='Budget vs actual value'!G23 -> -183600 | F25: ='Budget vs actual value'!G24 -> 4248 | G25: ='Budget vs actual value'!G25 -> 0.023137255
C26: cloud | D26: ='Budget vs actual value'!G38 -> -41213 | E26: ='Budget vs actual value'!G39 -> -36720 | F26: ='Budget vs actual value'!G40 -> -4493 | G26: ='Budget vs actual value'!G41 -> -0.12235839
C27: travel | D27: ='Budget vs actual value'!G54 -> -10176 | E27: ='Budget vs actual value'!G55 -> -9792 | F27: ='Budget vs actual value'!G56 -> -384 | G27: ='Budget vs actual value'!G57 -> -0.039215686
C28: Net | D28: ='Budget vs actual value'!G70 -> -230741 | E28: ='Budget vs actual value'!G71 -> -230112 | F28: ='Budget vs actual value'!G72 -> -629 | G28: ='Budget vs actual value'!G73 -> -0.0027334515
A29: uk | B29: sales | C29: revenue | D29: ='Budget vs actual value'!G10 -> 312064 | E29: ='Budget vs actual value'!G11 -> 326400 | F29: ='Budget vs actual value'!G12 -> -14336 | G29: ='Budget vs actual value'!G13 -> -0.043921569
C30: salaries | D30: ='Budget vs actual value'!G26 -> -134832 | E30: ='Budget vs actual value'!G27 -> -122400 | F30: ='Budget vs actual value'!G28 -> -12432 | G30: ='Budget vs actual value'!G29 -> -0.10156863
C31: cloud | D31: ='Budget vs actual value'!G42 -> -24931 | E31: ='Budget vs actual value'!G43 -> -24480 | F31: ='Budget vs actual value'!G44 -> -451 | G31: ='Budget vs actual value'!G45 -> -0.018423203
C32: travel | D32: ='Budget vs actual value'!G58 -> -6106 | E32: ='Budget vs actual value'!G59 -> -6528 | F32: ='Budget vs actual value'!G60 -> 422 | G32: ='Budget vs actual value'!G61 -> 0.064644608
C33: Net | D33: ='Budget vs actual value'!G74 -> 146195 | E33: ='Budget vs actual value'!G75 -> 172992 | F33: ='Budget vs actual value'!G76 -> -26797 | G33: ='Budget vs actual value'!G77 -> -0.15490312
B34: engineering | C34: revenue | D34: ='Budget vs actual value'!G14 -> 0 | E34: ='Budget vs actual value'!G15 | F34: ='Budget vs actual value'!G16 -> 0 | G34: ='Budget vs actual value'!G17
C35: salaries | D35: ='Budget vs actual value'!G30 -> -122112 | E35: ='Budget vs actual value'!G31 -> -122400 | F35: ='Budget vs actual value'!G32 -> 288 | G35: ='Budget vs actual value'!G33 -> 0.0023529412
C36: cloud | D36: ='Budget vs actual value'!G46 -> -27984 | E36: ='Budget vs actual value'!G47 -> -24480 | F36: ='Budget vs actual value'!G48 -> -3504 | G36: ='Budget vs actual value'!G49 -> -0.14313725
C37: travel | D37: ='Budget vs actual value'!G62 -> -6920 | E37: ='Budget vs actual value'!G63 -> -6528 | F37: ='Budget vs actual value'!G64 -> -392 | G37: ='Budget vs actual value'!G65 -> -0.06004902
C38: Net | D38: ='Budget vs actual value'!G78 -> -157016 | E38: ='Budget vs actual value'!G79 -> -153408 | F38: ='Budget vs actual value'!G80 -> -3608 | G38: ='Budget vs actual value'!G81 -> -0.023518982
A40: US sales net: actual vs budget by month
A41: version | B41: Jan-26 | C41: Feb-26 | D41: Mar-26
A42: actual | B42: ='Budget vs actual value'!E66 -> 277008 | C42: ='Budget vs actual value'!F66 -> 303957 | D42: ='Budget vs actual value'!G66 -> 211660
A43: budget | B43: ='Budget vs actual value'!E67 -> 259488 | C43: ='Budget vs actual value'!F67 -> 259488 | D43: ='Budget vs actual value'!G67 -> 259488
A62: Sales net variance by month
A63: subsidiary | B63: Jan-26 | C63: Feb-26 | D63: Mar-26
A64: us | B64: ='Budget vs actual value'!E4 -> 9600 | C64: ='Budget vs actual value'!F4 -> 44352 | D64: ='Budget vs actual value'!G4 -> -31680
A65: uk | B65: ='Budget vs actual value'!E12 -> 12800 | C65: ='Budget vs actual value'!F12 -> 36160 | D65: ='Budget vs actual value'!G12 -> -14336
A84: Variance by month (actual − budget)
A85: subsidiary | B85: department | C85: line | D85: Jan-26 | E85: Feb-26 | F85: Mar-26
A86: us | B86: sales | C86: revenue | D86: ='Budget vs actual value'!E4 -> 9600 | E86: ='Budget vs actual value'!F4 -> 44352 | F86: ='Budget vs actual value'!G4 -> -31680
C87: salaries | D87: ='Budget vs actual value'!E20 -> 10800 | E87: ='Budget vs actual value'!F20 -> -1800 | F87: ='Budget vs actual value'!G20 -> -14832
C88: cloud | D88: ='Budget vs actual value'!E36 -> -2880 | E88: ='Budget vs actual value'!F36 -> 2606 | F88: ='Budget vs actual value'!G36 -> 86
C89: travel | D89: ='Budget vs actual value'!E52 -> 0 | E89: ='Budget vs actual value'!F52 -> -689 | F89: ='Budget vs actual value'!G52 -> -1402
C90: Net | D90: ='Budget vs actual value'!E68 -> 17520 | E90: ='Budget vs actual value'!F68 -> 44469 | F90: ='Budget vs actual value'!G68 -> -47828
B91: engineering | C91: revenue | D91: ='Budget vs actual value'!E8 -> 0 | E91: ='Budget vs actual value'!F8 -> 0 | F91: ='Budget vs actual value'!G8 -> 0
C92: salaries | D92: ='Budget vs actual value'!E24 -> -10800 | E92: ='Budget vs actual value'!F24 -> 16740 | F92: ='Budget vs actual value'!G24 -> 4248
C93: cloud | D93: ='Budget vs actual value'!E40 -> 720 | E93: ='Budget vs actual value'!F40 -> -1843 | F93: ='Budget vs actual value'!G40 -> -4493
C94: travel | D94: ='Budget vs actual value'!E56 -> 960 | E94: ='Budget vs actual value'!F56 -> 300 | F94: ='Budget vs actual value'!G56 -> -384
C95: Net | D95: ='Budget vs actual value'!E72 -> -9120 | E95: ='Budget vs actual value'!F72 -> 15197 | F95: ='Budget vs actual value'!G72 -> -629
A96: uk | B96: sales | C96: revenue | D96: ='Budget vs actual value'!E12 -> 12800 | E96: ='Budget vs actual value'!F12 -> 36160 | F96: ='Budget vs actual value'!G12 -> -14336
C97: salaries | D97: ='Budget vs actual value'!E28 -> 4800 | E97: ='Budget vs actual value'!F28 -> -3672 | F97: ='Budget vs actual value'!G28 -> -12432
C98: cloud | D98: ='Budget vs actual value'!E44 -> 2880 | E98: ='Budget vs actual value'!F44 -> 1243 | F98: ='Budget vs actual value'!G44 -> -451
C99: travel | D99: ='Budget vs actual value'!E60 -> -128 | E99: ='Budget vs actual value'!F60 -> -591 | F99: ='Budget vs actual value'!G60 -> 422
C100: Net | D100: ='Budget vs actual value'!E76 -> 20352 | E100: ='Budget vs actual value'!F76 -> 33140 | F100: ='Budget vs actual value'!G76 -> -26797
B101: engineering | C101: revenue | D101: ='Budget vs actual value'!E16 -> 0 | E101: ='Budget vs actual value'!F16 -> 0 | F101: ='Budget vs actual value'!G16 -> 0
C102: salaries | D102: ='Budget vs actual value'!E32 -> -9600 | E102: ='Budget vs actual value'!F32 -> 8688 | F102: ='Budget vs actual value'!G32 -> 288
C103: cloud | D103: ='Budget vs actual value'!E48 -> 0 | E103: ='Budget vs actual value'!F48 -> -1723 | F103: ='Budget vs actual value'!G48 -> -3504
C104: travel | D104: ='Budget vs actual value'!E64 -> 512 | E104: ='Budget vs actual value'!F64 -> 68 | F104: ='Budget vs actual value'!G64 -> -392
C105: Net | D105: ='Budget vs actual value'!E80 -> -9088 | E105: ='Budget vs actual value'!F80 -> 7033 | F105: ='Budget vs actual value'!G80 -> -3608
A107: Every cell on this sheet refers to the statement sheets; edit inputs there (blue) and this dashboard follows.

Sheet Budget vs actual value
A1: line | B1: subsidiary | C1: department | D1: version | E1: Jan-26 | F1: Feb-26 | G1: Mar-26 | H1: Apr-26 | I1: May-26 | J1: Jun-26
A2: revenue | B2: us | C2: sales | D2: actual | E2: =SUMIFS('General ledger'!$F$2:$F$85,'General ledger'!$C$2:$C$85,"=us",'General ledger'!$D$2:$D$85,"=sales",'General ledger'!$E$2:$E$85,"=revenue",'General ledger'!$G$2:$G$85,"jan26") -> 499200 | F2: =SUMIFS('General ledger'!$F$2:$F$85,'General ledger'!$C$2:$C$85,"=us",'General ledger'!$D$2:$D$85,"=sales",'General ledger'!$E$2:$E$85,"=revenue",'General ledger'!$G$2:$G$85,"feb26") -> 533952 | G2: =SUMIFS('General ledger'!$F$2:$F$85,'General ledger'!$C$2:$C$85,"=us",'General ledger'!$D$2:$D$85,"=sales",'General ledger'!$E$2:$E$85,"=revenue",'General ledger'!$G$2:$G$85,"mar26") -> 457920 | H2: =SUMIFS('General ledger'!$F$2:$F$85,'General ledger'!$C$2:$C$85,"=us",'General ledger'!$D$2:$D$85,"=sales",'General ledger'!$E$2:$E$85,"=revenue",'General ledger'!$G$2:$G$85,"apr26") -> 491808 | I2: =SUMIFS('General ledger'!$F$2:$F$85,'General ledger'!$C$2:$C$85,"=us",'General ledger'!$D$2:$D$85,"=sales",'General ledger'!$E$2:$E$85,"=revenue",'General ledger'!$G$2:$G$85,"may26") -> 526848 | J2: =SUMIFS('General ledger'!$F$2:$F$85,'General ledger'!$C$2:$C$85,"=us",'General ledger'!$D$2:$D$85,"=sales",'General ledger'!$E$2:$E$85,"=revenue",'General ledger'!$G$2:$G$85,"jun26") -> 563040
A3: revenue | B3: us | C3: sales | D3: budget | E3: 489600 | F3: 489600 | G3: 489600 | H3: 489600 | I3: 489600 | J3: 489600
A4: revenue | B4: us | C4: sales | D4: variance | E4: =(E2-E3) -> 9600 | F4: =(F2-F3) -> 44352 | G4: =(G2-G3) -> -31680 | H4: =(H2-H3) -> 2208 | I4: =(I2-I3) -> 37248 | J4: =(J2-J3) -> 73440
A5: revenue | B5: us | C5: sales | D5: Variance % | E5: =IFERROR((E4/ABS(E3)),"") -> 0.019607843 | F5: =IFERROR((F4/ABS(F3)),"") -> 0.090588235 | G5: =IFERROR((G4/ABS(G3)),"") -> -0.064705882 | H5: =IFERROR((H4/ABS(H3)),"") -> 0.0045098039 | I5: =IFERROR((I4/ABS(I3)),"") -> 0.076078431 | J5: =IFERROR((J4/ABS(J3)),"") -> 0.15
A6: revenue | B6: us | C6: engineering | D6: actual | E6: =SUMIFS('General ledger'!$F$2:$F$85,'General ledger'!$C$2:$C$85,"=us",'General ledger'!$D$2:$D$85,"=engineering",'General ledger'!$E$2:$E$85,"=revenue",'General ledger'!$G$2:$G$85,"jan26") -> 0 | F6: =SUMIFS('General ledger'!$F$2:$F$85,'General ledger'!$C$2:$C$85,"=us",'General ledger'!$D$2:$D$85,"=engineering",'General ledger'!$E$2:$E$85,"=revenue",'General ledger'!$G$2:$G$85,"feb26") -> 0 | G6: =SUMIFS('General ledger'!$F$2:$F$85,'General ledger'!$C$2:$C$85,"=us",'General ledger'!$D$2:$D$85,"=engineering",'General ledger'!$E$2:$E$85,"=revenue",'General ledger'!$G$2:$G$85,"mar26") -> 0 | H6: =SUMIFS('General ledger'!$F$2:$F$85,'General ledger'!$C$2:$C$85,"=us",'General ledger'!$D$2:$D$85,"=engineering",'General ledger'!$E$2:$E$85,"=revenue",'General ledger'!$G$2:$G$85,"apr26") -> 0 | I6: =SUMIFS('General ledger'!$F$2:$F$85,'General ledger'!$C$2:$C$85,"=us",'General ledger'!$D$2:$D$85,"=engineering",'General ledger'!$E$2:$E$85,"=revenue",'General ledger'!$G$2:$G$85,"may26") -> 0 | J6: =SUMIFS('General ledger'!$F$2:$F$85,'General ledger'!$C$2:$C$85,"=us",'General ledger'!$D$2:$D$85,"=engineering",'General ledger'!$E$2:$E$85,"=revenue",'General ledger'!$G$2:$G$85,"jun26") -> 0
A7: revenue | B7: us | C7: engineering | D7: budget
A8: revenue | B8: us | C8: engineering | D8: variance | E8: =(E6-E7) -> 0 | F8: =(F6-F7) -> 0 | G8: =(G6-G7) -> 0 | H8: =(H6-H7) -> 0 | I8: =(I6-I7) -> 0 | J8: =(J6-J7) -> 0
A9: revenue | B9: us | C9: engineering | D9: Variance % | E9: =IFERROR((E8/ABS(E7)),"") | F9: =IFERROR((F8/ABS(F7)),"") | G9: =IFERROR((G8/ABS(G7)),"") | H9: =IFERROR((H8/ABS(H7)),"") | I9: =IFERROR((I8/ABS(I7)),"") | J9: =IFERROR((J8/ABS(J7)),"")
A10: revenue | B10: uk | C10: sales | D10: actual | E10: =SUMIFS('General ledger'!$F$2:$F$85,'General ledger'!$C$2:$C$85,"=uk",'General ledger'!$D$2:$D$85,"=sales",'General ledger'!$E$2:$E$85,"=revenue",'General ledger'!$G$2:$G$85,"jan26") -> 339200 | F10: =SUMIFS('General ledger'!$F$2:$F$85,'General ledger'!$C$2:$C$85,"=uk",'General ledger'!$D$2:$D$85,"=sales",'General ledger'!$E$2:$E$85,"=revenue",'General ledger'!$G$2:$G$85,"feb26") -> 362560 | G10: =SUMIFS('General ledger'!$F$2:$F$85,'General ledger'!$C$2:$C$85,"=uk",'General ledger'!$D$2:$D$85,"=sales",'General ledger'!$E$2:$E$85,"=revenue",'General ledger'!$G$2:$G$85,"mar26") -> 312064 | H10: =SUMIFS('General ledger'!$F$2:$F$85,'General ledger'!$C$2:$C$85,"=uk",'General ledger'!$D$2:$D$85,"=sales",'General ledger'!$E$2:$E$85,"=revenue",'General ledger'!$G$2:$G$85,"apr26") -> 334848 | I10: =SUMIFS('General ledger'!$F$2:$F$85,'General ledger'!$C$2:$C$85,"=uk",'General ledger'!$D$2:$D$85,"=sales",'General ledger'!$E$2:$E$85,"=revenue",'General ledger'!$G$2:$G$85,"may26") -> 358400 | J10: =SUMIFS('General ledger'!$F$2:$F$85,'General ledger'!$C$2:$C$85,"=uk",'General ledger'!$D$2:$D$85,"=sales",'General ledger'!$E$2:$E$85,"=revenue",'General ledger'!$G$2:$G$85,"jun26") -> 382720
A11: revenue | B11: uk | C11: sales | D11: budget | E11: 326400 | F11: 326400 | G11: 326400 | H11: 326400 | I11: 326400 | J11: 326400
A12: revenue | B12: uk | C12: sales | D12: variance | E12: =(E10-E11) -> 12800 | F12: =(F10-F11) -> 36160 | G12: =(G10-G11) -> -14336 | H12: =(H10-H11) -> 8448 | I12: =(I10-I11) -> 32000 | J12: =(J10-J11) -> 56320
A13: revenue | B13: uk | C13: sales | D13: Variance % | E13: =IFERROR((E12/ABS(E11)),"") -> 0.039215686 | F13: =IFERROR((F12/ABS(F11)),"") -> 0.11078431 | G13: =IFERROR((G12/ABS(G11)),"") -> -0.043921569 | H13: =IFERROR((H12/ABS(H11)),"") -> 0.025882353 | I13: =IFERROR((I12/ABS(I11)),"") -> 0.098039216 | J13: =IFERROR((J12/ABS(J11)),"") -> 0.17254902
A14: revenue | B14: uk | C14: engineering | D14: actual | E14: =SUMIFS('General ledger'!$F$2:$F$85,'General ledger'!$C$2:$C$85,"=uk",'General ledger'!$D$2:$D$85,"=engineering",'General ledger'!$E$2:$E$85,"=revenue",'General ledger'!$G$2:$G$85,"jan26") -> 0 | F14: =SUMIFS('General ledger'!$F$2:$F$85,'General ledger'!$C$2:$C$85,"=uk",'General ledger'!$D$2:$D$85,"=engineering",'General ledger'!$E$2:$E$85,"=revenue",'General ledger'!$G$2:$G$85,"feb26") -> 0 | G14: =SUMIFS('General ledger'!$F$2:$F$85,'General ledger'!$C$2:$C$85,"=uk",'General ledger'!$D$2:$D$85,"=engineering",'General ledger'!$E$2:$E$85,"=revenue",'General ledger'!$G$2:$G$85,"mar26") -> 0 | H14: =SUMIFS('General ledger'!$F$2:$F$85,'General ledger'!$C$2:$C$85,"=uk",'General ledger'!$D$2:$D$85,"=engineering",'General ledger'!$E$2:$E$85,"=revenue",'General ledger'!$G$2:$G$85,"apr26") -> 0 | I14: =SUMIFS('General ledger'!$F$2:$F$85,'General ledger'!$C$2:$C$85,"=uk",'General ledger'!$D$2:$D$85,"=engineering",'General ledger'!$E$2:$E$85,"=revenue",'General ledger'!$G$2:$G$85,"may26") -> 0 | J14: =SUMIFS('General ledger'!$F$2:$F$85,'General ledger'!$C$2:$C$85,"=uk",'General ledger'!$D$2:$D$85,"=engineering",'General ledger'!$E$2:$E$85,"=revenue",'General ledger'!$G$2:$G$85,"jun26") -> 0
A15: revenue | B15: uk | C15: engineering | D15: budget
A16: revenue | B16: uk | C16: engineering | D16: variance | E16: =(E14-E15) -> 0 | F16: =(F14-F15) -> 0 | G16: =(G14-G15) -> 0 | H16: =(H14-H15) -> 0 | I16: =(I14-I15) -> 0 | J16: =(J14-J15) -> 0
A17: revenue | B17: uk | C17: engineering | D17: Variance % | E17: =IFERROR((E16/ABS(E15)),"") | F17: =IFERROR((F16/ABS(F15)),"") | G17: =IFERROR((G16/ABS(G15)),"") | H17: =IFERROR((H16/ABS(H15)),"") | I17: =IFERROR((I16/ABS(I15)),"") | J17: =IFERROR((J16/ABS(J15)),"")
A18: salaries | B18: us | C18: sales | D18: actual | E18: =SUMIFS('General ledger'!$F$2:$F$85,'General ledger'!$C$2:$C$85,"=us",'General ledger'!$D$2:$D$85,"=sales",'General ledger'!$E$2:$E$85,"=salaries",'General ledger'!$G$2:$G$85,"jan26") -> -172800 | F18: =SUMIFS('General ledger'!$F$2:$F$85,'General ledger'!$C$2:$C$85,"=us",'General ledger'!$D$2:$D$85,"=sales",'General ledger'!$E$2:$E$85,"=salaries",'General ledger'!$G$2:$G$85,"feb26") -> -185400 | G18: =SUMIFS('General ledger'!$F$2:$F$85,'General ledger'!$C$2:$C$85,"=us",'General ledger'!$D$2:$D$85,"=sales",'General ledger'!$E$2:$E$85,"=salaries",'General ledger'!$G$2:$G$85,"mar26") -> -198432 | H18: =SUMIFS('General ledger'!$F$2:$F$85,'General ledger'!$C$2:$C$85,"=us",'General ledger'!$D$2:$D$85,"=sales",'General ledger'!$E$2:$E$85,"=salaries",'General ledger'!$G$2:$G$85,"apr26") -> -211896 | I18: =SUMIFS('General ledger'!$F$2:$F$85,'General ledger'!$C$2:$C$85,"=us",'General ledger'!$D$2:$D$85,"=sales",'General ledger'!$E$2:$E$85,"=salaries",'General ledger'!$G$2:$G$85,"may26") -> -181440 | J18: =SUMIFS('General ledger'!$F$2:$F$85,'General ledger'!$C$2:$C$85,"=us",'General ledger'!$D$2:$D$85,"=sales",'General ledger'!$E$2:$E$85,"=salaries",'General ledger'!$G$2:$G$85,"jun26") -> -194580
A19: salaries | B19: us | C19: sales | D19: budget | E19: -183600 | F19: -183600 | G19: -183600 | H19: -183600 | I19: -183600 | J19: -183600
A20: salaries | B20: us | C20: sales | D20: variance | E20: =(E18-E19) -> 10800 | F20: =(F18-F19) -> -1800 | G20: =(G18-G19) -> -14832 | H20: =(H18-H19) -> -28296 | I20: =(I18-I19) -> 2160 | J20: =(J18-J19) -> -10980
A21: salaries | B21: us | C21: sales | D21: Variance % | E21: =IFERROR((E20/ABS(E19)),"") -> 0.058823529 | F21: =IFERROR((F20/ABS(F19)),"") -> -0.0098039216 | G21: =IFERROR((G20/ABS(G19)),"") -> -0.080784314 | H21: =IFERROR((H20/ABS(H19)),"") -> -0.15411765 | I21: =IFERROR((I20/ABS(I19)),"") -> 0.011764706 | J21: =IFERROR((J20/ABS(J19)),"") -> -0.059803922
A22: salaries | B22: us | C22: engineering | D22: actual | E22: =SUMIFS('General ledger'!$F$2:$F$85,'General ledger'!$C$2:$C$85,"=us",'General ledger'!$D$2:$D$85,"=engineering",'General ledger'!$E$2:$E$85,"=salaries",'General ledger'!$G$2:$G$85,"jan26") -> -194400 | F22: =SUMIFS('General ledger'!$F$2:$F$85,'General ledger'!$C$2:$C$85,"=us",'General ledger'!$D$2:$D$85,"=engineering",'General ledger'!$E$2:$E$85,"=salaries",'General ledger'!$G$2:$G$85,"feb26") -> -166860 | G22: =SUMIFS('General ledger'!$F$2:$F$85,'General ledger'!$C$2:$C$85,"=us",'General ledger'!$D$2:$D$85,"=engineering",'General ledger'!$E$2:$E$85,"=salaries",'General ledger'!$G$2:$G$85,"mar26") -> -179352 | H22: =SUMIFS('General ledger'!$F$2:$F$85,'General ledger'!$C$2:$C$85,"=us",'General ledger'!$D$2:$D$85,"=engineering",'General ledger'!$E$2:$E$85,"=salaries",'General ledger'!$G$2:$G$85,"apr26") -> -192276 | I22: =SUMIFS('General ledger'!$F$2:$F$85,'General ledger'!$C$2:$C$85,"=us",'General ledger'!$D$2:$D$85,"=engineering",'General ledger'!$E$2:$E$85,"=salaries",'General ledger'!$G$2:$G$85,"may26") -> -205632 | J22: =SUMIFS('General ledger'!$F$2:$F$85,'General ledger'!$C$2:$C$85,"=us",'General ledger'!$D$2:$D$85,"=engineering",'General ledger'!$E$2:$E$85,"=salaries",'General ledger'!$G$2:$G$85,"jun26") -> -219420
A23: salaries | B23: us | C23: engineering | D23: budget | E23: -183600 | F23: -183600 | G23: -183600 | H23: -183600 | I23: -183600 | J23: -183600
A24: salaries | B24: us | C24: engineering | D24: variance | E24: =(E22-E23) -> -10800 | F24: =(F22-F23) -> 16740 | G24: =(G22-G23) -> 4248 | H24: =(H22-H23) -> -8676 | I24: =(I22-I23) -> -22032 | J24: =(J22-J23) -> -35820
A25: salaries | B25: us | C25: engineering | D25: Variance % | E25: =IFERROR((E24/ABS(E23)),"") -> -0.058823529 | F25: =IFERROR((F24/ABS(F23)),"") -> 0.091176471 | G25: =IFERROR((G24/ABS(G23)),"") -> 0.023137255 | H25: =IFERROR((H24/ABS(H23)),"") -> -0.047254902 | I25: =IFERROR((I24/ABS(I23)),"") -> -0.12 | J25: =IFERROR((J24/ABS(J23)),"") -> -0.19509804
A26: salaries | B26: uk | C26: sales | D26: actual | E26: =SUMIFS('General ledger'!$F$2:$F$85,'General ledger'!$C$2:$C$85,"=uk",'General ledger'!$D$2:$D$85,"=sales",'General ledger'!$E$2:$E$85,"=salaries",'General ledger'!$G$2:$G$85,"jan26") -> -117600 | F26: =SUMIFS('General ledger'!$F$2:$F$85,'General ledger'!$C$2:$C$85,"=uk",'General ledger'!$D$2:$D$85,"=sales",'General ledger'!$E$2:$E$85,"=salaries",'General ledger'!$G$2:$G$85,"feb26") -> -126072 | G26: =SUMIFS('General ledger'!$F$2:$F$85,'General ledger'!$C$2:$C$85,"=uk",'General ledger'!$D$2:$D$85,"=sales",'General ledger'!$E$2:$E$85,"=salaries",'General ledger'!$G$2:$G$85,"mar26") -> -134832 | H26: =SUMIFS('General ledger'!$F$2:$F$85,'General ledger'!$C$2:$C$85,"=uk",'General ledger'!$D$2:$D$85,"=sales",'General ledger'!$E$2:$E$85,"=salaries",'General ledger'!$G$2:$G$85,"apr26") -> -143880 | I26: =SUMIFS('General ledger'!$F$2:$F$85,'General ledger'!$C$2:$C$85,"=uk",'General ledger'!$D$2:$D$85,"=sales",'General ledger'!$E$2:$E$85,"=salaries",'General ledger'!$G$2:$G$85,"may26") -> -123648 | J26: =SUMIFS('General ledger'!$F$2:$F$85,'General ledger'!$C$2:$C$85,"=uk",'General ledger'!$D$2:$D$85,"=sales",'General ledger'!$E$2:$E$85,"=salaries",'General ledger'!$G$2:$G$85,"jun26") -> -132480
A27: salaries | B27: uk | C27: sales | D27: budget | E27: -122400 | F27: -122400 | G27: -122400 | H27: -122400 | I27: -122400 | J27: -122400
A28: salaries | B28: uk | C28: sales | D28: variance | E28: =(E26-E27) -> 4800 | F28: =(F26-F27) -> -3672 | G28: =(G26-G27) -> -12432 | H28: =(H26-H27) -> -21480 | I28: =(I26-I27) -> -1248 | J28: =(J26-J27) -> -10080
A29: salaries | B29: uk | C29: sales | D29: Variance % | E29: =IFERROR((E28/ABS(E27)),"") -> 0.039215686 | F29: =IFERROR((F28/ABS(F27)),"") -> -0.03 | G29: =IFERROR((G28/ABS(G27)),"") -> -0.10156863 | H29: =IFERROR((H28/ABS(H27)),"") -> -0.1754902 | I29: =IFERROR((I28/ABS(I27)),"") -> -0.010196078 | J29: =IFERROR((J28/ABS(J27)),"") -> -0.082352941
A30: salaries | B30: uk | C30: engineering | D30: actual | E30: =SUMIFS('General ledger'!$F$2:$F$85,'General ledger'!$C$2:$C$85,"=uk",'General ledger'!$D$2:$D$85,"=engineering",'General ledger'!$E$2:$E$85,"=salaries",'General ledger'!$G$2:$G$85,"jan26") -> -132000 | F30: =SUMIFS('General ledger'!$F$2:$F$85,'General ledger'!$C$2:$C$85,"=uk",'General ledger'!$D$2:$D$85,"=engineering",'General ledger'!$E$2:$E$85,"=salaries",'General ledger'!$G$2:$G$85,"feb26") -> -113712 | G30: =SUMIFS('General ledger'!$F$2:$F$85,'General ledger'!$C$2:$C$85,"=uk",'General ledger'!$D$2:$D$85,"=engineering",'General ledger'!$E$2:$E$85,"=salaries",'General ledger'!$G$2:$G$85,"mar26") -> -122112 | H30: =SUMIFS('General ledger'!$F$2:$F$85,'General ledger'!$C$2:$C$85,"=uk",'General ledger'!$D$2:$D$85,"=engineering",'General ledger'!$E$2:$E$85,"=salaries",'General ledger'!$G$2:$G$85,"apr26") -> -130800 | I30: =SUMIFS('General ledger'!$F$2:$F$85,'General ledger'!$C$2:$C$85,"=uk",'General ledger'!$D$2:$D$85,"=engineering",'General ledger'!$E$2:$E$85,"=salaries",'General ledger'!$G$2:$G$85,"may26") -> -139776 | J30: =SUMIFS('General ledger'!$F$2:$F$85,'General ledger'!$C$2:$C$85,"=uk",'General ledger'!$D$2:$D$85,"=engineering",'General ledger'!$E$2:$E$85,"=salaries",'General ledger'!$G$2:$G$85,"jun26") -> -149040
A31: salaries | B31: uk | C31: engineering | D31: budget | E31: -122400 | F31: -122400 | G31: -122400 | H31: -122400 | I31: -122400 | J31: -122400
A32: salaries | B32: uk | C32: engineering | D32: variance | E32: =(E30-E31) -> -9600 | F32: =(F30-F31) -> 8688 | G32: =(G30-G31) -> 288 | H32: =(H30-H31) -> -8400 | I32: =(I30-I31) -> -17376 | J32: =(J30-J31) -> -26640
A33: salaries | B33: uk | C33: engineering | D33: Variance % | E33: =IFERROR((E32/ABS(E31)),"") -> -0.078431373 | F33: =IFERROR((F32/ABS(F31)),"") -> 0.070980392 | G33: =IFERROR((G32/ABS(G31)),"") -> 0.0023529412 | H33: =IFERROR((H32/ABS(H31)),"") -> -0.068627451 | I33: =IFERROR((I32/ABS(I31)),"") -> -0.14196078 | J33: =IFERROR((J32/ABS(J31)),"") -> -0.21764706
A34: cloud | B34: us | C34: sales | D34: actual | E34: =SUMIFS('General ledger'!$F$2:$F$85,'General ledger'!$C$2:$C$85,"=us",'General ledger'!$D$2:$D$85,"=sales",'General ledger'!$E$2:$E$85,"=cloud",'General ledger'!$G$2:$G$85,"jan26") -> -39600 | F34: =SUMIFS('General ledger'!$F$2:$F$85,'General ledger'!$C$2:$C$85,"=us",'General ledger'!$D$2:$D$85,"=sales",'General ledger'!$E$2:$E$85,"=cloud",'General ledger'!$G$2:$G$85,"feb26") -> -34114 | G34: =SUMIFS('General ledger'!$F$2:$F$85,'General ledger'!$C$2:$C$85,"=us",'General ledger'!$D$2:$D$85,"=sales",'General ledger'!$E$2:$E$85,"=cloud",'General ledger'!$G$2:$G$85,"mar26") -> -36634 | H34: =SUMIFS('General ledger'!$F$2:$F$85,'General ledger'!$C$2:$C$85,"=us",'General ledger'!$D$2:$D$85,"=sales",'General ledger'!$E$2:$E$85,"=cloud",'General ledger'!$G$2:$G$85,"apr26") -> -39240 | I34: =SUMIFS('General ledger'!$F$2:$F$85,'General ledger'!$C$2:$C$85,"=us",'General ledger'!$D$2:$D$85,"=sales",'General ledger'!$E$2:$E$85,"=cloud",'General ledger'!$G$2:$G$85,"may26") -> -41933 | J34: =SUMIFS('General ledger'!$F$2:$F$85,'General ledger'!$C$2:$C$85,"=us",'General ledger'!$D$2:$D$85,"=sales",'General ledger'!$E$2:$E$85,"=cloud",'General ledger'!$G$2:$G$85,"jun26") -> -44712
A35: cloud | B35: us | C35: sales | D35: budget | E35: -36720 | F35: -36720 | G35: -36720 | H35: -36720 | I35: -36720 | J35: -36720
A36: cloud | B36: us | C36: sales | D36: variance | E36: =(E34-E35) -> -2880 | F36: =(F34-F35) -> 2606 | G36: =(G34-G35) -> 86 | H36: =(H34-H35) -> -2520 | I36: =(I34-I35) -> -5213 | J36: =(J34-J35) -> -7992
A37: cloud | B37: us | C37: sales | D37: Variance % | E37: =IFERROR((E36/ABS(E35)),"") -> -0.078431373 | F37: =IFERROR((F36/ABS(F35)),"") -> 0.070969499 | G37: =IFERROR((G36/ABS(G35)),"") -> 0.0023420479 | H37: =IFERROR((H36/ABS(H35)),"") -> -0.068627451 | I37: =IFERROR((I36/ABS(I35)),"") -> -0.14196623 | J37: =IFERROR((J36/ABS(J35)),"") -> -0.21764706
A38: cloud | B38: us | C38: engineering | D38: actual | E38: =SUMIFS('General ledger'!$F$2:$F$85,'General ledger'!$C$2:$C$85,"=us",'General ledger'!$D$2:$D$85,"=engineering",'General ledger'!$E$2:$E$85,"=cloud",'General ledger'!$G$2:$G$85,"jan26") -> -36000 | F38: =SUMIFS('General ledger'!$F$2:$F$85,'General ledger'!$C$2:$C$85,"=us",'General ledger'!$D$2:$D$85,"=engineering",'General ledger'!$E$2:$E$85,"=cloud",'General ledger'!$G$2:$G$85,"feb26") -> -38563 | G38: =SUMIFS('General ledger'!$F$2:$F$85,'General ledger'!$C$2:$C$85,"=us",'General ledger'!$D$2:$D$85,"=engineering",'General ledger'!$E$2:$E$85,"=cloud",'General ledger'!$G$2:$G$85,"mar26") -> -41213 | H38: =SUMIFS('General ledger'!$F$2:$F$85,'General ledger'!$C$2:$C$85,"=us",'General ledger'!$D$2:$D$85,"=engineering",'General ledger'!$E$2:$E$85,"=cloud",'General ledger'!$G$2:$G$85,"apr26") -> -35316 | I38: =SUMIFS('General ledger'!$F$2:$F$85,'General ledger'!$C$2:$C$85,"=us",'General ledger'!$D$2:$D$85,"=engineering",'General ledger'!$E$2:$E$85,"=cloud",'General ledger'!$G$2:$G$85,"may26") -> -37901 | J38: =SUMIFS('General ledger'!$F$2:$F$85,'General ledger'!$C$2:$C$85,"=us",'General ledger'!$D$2:$D$85,"=engineering",'General ledger'!$E$2:$E$85,"=cloud",'General ledger'!$G$2:$G$85,"jun26") -> -40572
A39: cloud | B39: us | C39: engineering | D39: budget | E39: -36720 | F39: -36720 | G39: -36720 | H39: -36720 | I39: -36720 | J39: -36720
A40: cloud | B40: us | C40: engineering | D40: variance | E40: =(E38-E39) -> 720 | F40: =(F38-F39) -> -1843 | G40: =(G38-G39) -> -4493 | H40: =(H38-H39) -> 1404 | I40: =(I38-I39) -> -1181 | J40: =(J38-J39) -> -3852
A41: cloud | B41: us | C41: engineering | D41: Variance % | E41: =IFERROR((E40/ABS(E39)),"") -> 0.019607843 | F41: =IFERROR((F40/ABS(F39)),"") -> -0.050190632 | G41: =IFERROR((G40/ABS(G39)),"") -> -0.12235839 | H41: =IFERROR((H40/ABS(H39)),"") -> 0.038235294 | I41: =IFERROR((I40/ABS(I39)),"") -> -0.032162309 | J41: =IFERROR((J40/ABS(J39)),"") -> -0.10490196
A42: cloud | B42: uk | C42: sales | D42: actual | E42: =SUMIFS('General ledger'!$F$2:$F$85,'General ledger'!$C$2:$C$85,"=uk",'General ledger'!$D$2:$D$85,"=sales",'General ledger'!$E$2:$E$85,"=cloud",'General ledger'!$G$2:$G$85,"jan26") -> -21600 | F42: =SUMIFS('General ledger'!$F$2:$F$85,'General ledger'!$C$2:$C$85,"=uk",'General ledger'!$D$2:$D$85,"=sales",'General ledger'!$E$2:$E$85,"=cloud",'General ledger'!$G$2:$G$85,"feb26") -> -23237 | G42: =SUMIFS('General ledger'!$F$2:$F$85,'General ledger'!$C$2:$C$85,"=uk",'General ledger'!$D$2:$D$85,"=sales",'General ledger'!$E$2:$E$85,"=cloud",'General ledger'!$G$2:$G$85,"mar26") -> -24931 | H42: =SUMIFS('General ledger'!$F$2:$F$85,'General ledger'!$C$2:$C$85,"=uk",'General ledger'!$D$2:$D$85,"=sales",'General ledger'!$E$2:$E$85,"=cloud",'General ledger'!$G$2:$G$85,"apr26") -> -26683 | I42: =SUMIFS('General ledger'!$F$2:$F$85,'General ledger'!$C$2:$C$85,"=uk",'General ledger'!$D$2:$D$85,"=sales",'General ledger'!$E$2:$E$85,"=cloud",'General ledger'!$G$2:$G$85,"may26") -> -28493 | J42: =SUMIFS('General ledger'!$F$2:$F$85,'General ledger'!$C$2:$C$85,"=uk",'General ledger'!$D$2:$D$85,"=sales",'General ledger'!$E$2:$E$85,"=cloud",'General ledger'!$G$2:$G$85,"jun26") -> -30360
A43: cloud | B43: uk | C43: sales | D43: budget | E43: -24480 | F43: -24480 | G43: -24480 | H43: -24480 | I43: -24480 | J43: -24480
A44: cloud | B44: uk | C44: sales | D44: variance | E44: =(E42-E43) -> 2880 | F44: =(F42-F43) -> 1243 | G44: =(G42-G43) -> -451 | H44: =(H42-H43) -> -2203 | I44: =(I42-I43) -> -4013 | J44: =(J42-J43) -> -5880
A45: cloud | B45: uk | C45: sales | D45: Variance % | E45: =IFERROR((E44/ABS(E43)),"") -> 0.11764706 | F45: =IFERROR((F44/ABS(F43)),"") -> 0.050776144 | G45: =IFERROR((G44/ABS(G43)),"") -> -0.018423203 | H45: =IFERROR((H44/ABS(H43)),"") -> -0.08999183 | I45: =IFERROR((I44/ABS(I43)),"") -> -0.16392974 | J45: =IFERROR((J44/ABS(J43)),"") -> -0.24019608
A46: cloud | B46: uk | C46: engineering | D46: actual | E46: =SUMIFS('General ledger'!$F$2:$F$85,'General ledger'!$C$2:$C$85,"=uk",'General ledger'!$D$2:$D$85,"=engineering",'General ledger'!$E$2:$E$85,"=cloud",'General ledger'!$G$2:$G$85,"jan26") -> -24480 | F46: =SUMIFS('General ledger'!$F$2:$F$85,'General ledger'!$C$2:$C$85,"=uk",'General ledger'!$D$2:$D$85,"=engineering",'General ledger'!$E$2:$E$85,"=cloud",'General ledger'!$G$2:$G$85,"feb26") -> -26203 | G46: =SUMIFS('General ledger'!$F$2:$F$85,'General ledger'!$C$2:$C$85,"=uk",'General ledger'!$D$2:$D$85,"=engineering",'General ledger'!$E$2:$E$85,"=cloud",'General ledger'!$G$2:$G$85,"mar26") -> -27984 | H46: =SUMIFS('General ledger'!$F$2:$F$85,'General ledger'!$C$2:$C$85,"=uk",'General ledger'!$D$2:$D$85,"=engineering",'General ledger'!$E$2:$E$85,"=cloud",'General ledger'!$G$2:$G$85,"apr26") -> -24067 | I46: =SUMIFS('General ledger'!$F$2:$F$85,'General ledger'!$C$2:$C$85,"=uk",'General ledger'!$D$2:$D$85,"=engineering",'General ledger'!$E$2:$E$85,"=cloud",'General ledger'!$G$2:$G$85,"may26") -> -25805 | J46: =SUMIFS('General ledger'!$F$2:$F$85,'General ledger'!$C$2:$C$85,"=uk",'General ledger'!$D$2:$D$85,"=engineering",'General ledger'!$E$2:$E$85,"=cloud",'General ledger'!$G$2:$G$85,"jun26") -> -27600
A47: cloud | B47: uk | C47: engineering | D47: budget | E47: -24480 | F47: -24480 | G47: -24480 | H47: -24480 | I47: -24480 | J47: -24480
A48: cloud | B48: uk | C48: engineering | D48: variance | E48: =(E46-E47) -> 0 | F48: =(F46-F47) -> -1723 | G48: =(G46-G47) -> -3504 | H48: =(H46-H47) -> 413 | I48: =(I46-I47) -> -1325 | J48: =(J46-J47) -> -3120
A49: cloud | B49: uk | C49: engineering | D49: Variance % | E49: =IFERROR((E48/ABS(E47)),"") -> 0 | F49: =IFERROR((F48/ABS(F47)),"") -> -0.070383987 | G49: =IFERROR((G48/ABS(G47)),"") -> -0.14313725 | H49: =IFERROR((H48/ABS(H47)),"") -> 0.016870915 | I49: =IFERROR((I48/ABS(I47)),"") -> -0.054125817 | J49: =IFERROR((J48/ABS(J47)),"") -> -0.12745098
A50: travel | B50: us | C50: sales | D50: actual | E50: =SUMIFS('General ledger'!$F$2:$F$85,'General ledger'!$C$2:$C$85,"=us",'General ledger'!$D$2:$D$85,"=sales",'General ledger'!$E$2:$E$85,"=travel",'General ledger'!$G$2:$G$85,"jan26") -> -9792 | F50: =SUMIFS('General ledger'!$F$2:$F$85,'General ledger'!$C$2:$C$85,"=us",'General ledger'!$D$2:$D$85,"=sales",'General ledger'!$E$2:$E$85,"=travel",'General ledger'!$G$2:$G$85,"feb26") -> -10481 | G50: =SUMIFS('General ledger'!$F$2:$F$85,'General ledger'!$C$2:$C$85,"=us",'General ledger'!$D$2:$D$85,"=sales",'General ledger'!$E$2:$E$85,"=travel",'General ledger'!$G$2:$G$85,"mar26") -> -11194 | H50: =SUMIFS('General ledger'!$F$2:$F$85,'General ledger'!$C$2:$C$85,"=us",'General ledger'!$D$2:$D$85,"=sales",'General ledger'!$E$2:$E$85,"=travel",'General ledger'!$G$2:$G$85,"apr26") -> -9627 | I50: =SUMIFS('General ledger'!$F$2:$F$85,'General ledger'!$C$2:$C$85,"=us",'General ledger'!$D$2:$D$85,"=sales",'General ledger'!$E$2:$E$85,"=travel",'General ledger'!$G$2:$G$85,"may26") -> -10322 | J50: =SUMIFS('General ledger'!$F$2:$F$85,'General ledger'!$C$2:$C$85,"=us",'General ledger'!$D$2:$D$85,"=sales",'General ledger'!$E$2:$E$85,"=travel",'General ledger'!$G$2:$G$85,"jun26") -> -11040
A51: travel | B51: us | C51: sales | D51: budget | E51: -9792 | F51: -9792 | G51: -9792 | H51: -9792 | I51: -9792 | J51: -9792
A52: travel | B52: us | C52: sales | D52: variance | E52: =(E50-E51) -> 0 | F52: =(F50-F51) -> -689 | G52: =(G50-G51) -> -1402 | H52: =(H50-H51) -> 165 | I52: =(I50-I51) -> -530 | J52: =(J50-J51) -> -1248
A53: travel | B53: us | C53: sales | D53: Variance % | E53: =IFERROR((E52/ABS(E51)),"") -> 0 | F53: =IFERROR((F52/ABS(F51)),"") -> -0.070363562 | G53: =IFERROR((G52/ABS(G51)),"") -> -0.1431781 | H53: =IFERROR((H52/ABS(H51)),"") -> 0.01685049 | I53: =IFERROR((I52/ABS(I51)),"") -> -0.054125817 | J53: =IFERROR((J52/ABS(J51)),"") -> -0.12745098
A54: travel | B54: us | C54: engineering | D54: actual | E54: =SUMIFS('General ledger'!$F$2:$F$85,'General ledger'!$C$2:$C$85,"=us",'General ledger'!$D$2:$D$85,"=engineering",'General ledger'!$E$2:$E$85,"=travel",'General ledger'!$G$2:$G$85,"jan26") -> -8832 | F54: =SUMIFS('General ledger'!$F$2:$F$85,'General ledger'!$C$2:$C$85,"=us",'General ledger'!$D$2:$D$85,"=engineering",'General ledger'!$E$2:$E$85,"=travel",'General ledger'!$G$2:$G$85,"feb26") -> -9492 | G54: =SUMIFS('General ledger'!$F$2:$F$85,'General ledger'!$C$2:$C$85,"=us",'General ledger'!$D$2:$D$85,"=engineering",'General ledger'!$E$2:$E$85,"=travel",'General ledger'!$G$2:$G$85,"mar26") -> -10176 | H54: =SUMIFS('General ledger'!$F$2:$F$85,'General ledger'!$C$2:$C$85,"=us",'General ledger'!$D$2:$D$85,"=engineering",'General ledger'!$E$2:$E$85,"=travel",'General ledger'!$G$2:$G$85,"apr26") -> -10883 | I54: =SUMIFS('General ledger'!$F$2:$F$85,'General ledger'!$C$2:$C$85,"=us",'General ledger'!$D$2:$D$85,"=engineering",'General ledger'!$E$2:$E$85,"=travel",'General ledger'!$G$2:$G$85,"may26") -> -11612 | J54: =SUMIFS('General ledger'!$F$2:$F$85,'General ledger'!$C$2:$C$85,"=us",'General ledger'!$D$2:$D$85,"=engineering",'General ledger'!$E$2:$E$85,"=travel",'General ledger'!$G$2:$G$85,"jun26") -> -9936
A55: travel | B55: us | C55: engineering | D55: budget | E55: -9792 | F55: -9792 | G55: -9792 | H55: -9792 | I55: -9792 | J55: -9792
A56: travel | B56: us | C56: engineering | D56: variance | E56: =(E54-E55) -> 960 | F56: =(F54-F55) -> 300 | G56: =(G54-G55) -> -384 | H56: =(H54-H55) -> -1091 | I56: =(I54-I55) -> -1820 | J56: =(J54-J55) -> -144
A57: travel | B57: us | C57: engineering | D57: Variance % | E57: =IFERROR((E56/ABS(E55)),"") -> 0.098039216 | F57: =IFERROR((F56/ABS(F55)),"") -> 0.030637255 | G57: =IFERROR((G56/ABS(G55)),"") -> -0.039215686 | H57: =IFERROR((H56/ABS(H55)),"") -> -0.11141748 | I57: =IFERROR((I56/ABS(I55)),"") -> -0.18586601 | J57: =IFERROR((J56/ABS(J55)),"") -> -0.014705882
A58: travel | B58: uk | C58: sales | D58: actual | E58: =SUMIFS('General ledger'!$F$2:$F$85,'General ledger'!$C$2:$C$85,"=uk",'General ledger'!$D$2:$D$85,"=sales",'General ledger'!$E$2:$E$85,"=travel",'General ledger'!$G$2:$G$85,"jan26") -> -6656 | F58: =SUMIFS('General ledger'!$F$2:$F$85,'General ledger'!$C$2:$C$85,"=uk",'General ledger'!$D$2:$D$85,"=sales",'General ledger'!$E$2:$E$85,"=travel",'General ledger'!$G$2:$G$85,"feb26") -> -7119 | G58: =SUMIFS('General ledger'!$F$2:$F$85,'General ledger'!$C$2:$C$85,"=uk",'General ledger'!$D$2:$D$85,"=sales",'General ledger'!$E$2:$E$85,"=travel",'General ledger'!$G$2:$G$85,"mar26") -> -6106 | H58: =SUMIFS('General ledger'!$F$2:$F$85,'General ledger'!$C$2:$C$85,"=uk",'General ledger'!$D$2:$D$85,"=sales",'General ledger'!$E$2:$E$85,"=travel",'General ledger'!$G$2:$G$85,"apr26") -> -6557 | I58: =SUMIFS('General ledger'!$F$2:$F$85,'General ledger'!$C$2:$C$85,"=uk",'General ledger'!$D$2:$D$85,"=sales",'General ledger'!$E$2:$E$85,"=travel",'General ledger'!$G$2:$G$85,"may26") -> -7025 | J58: =SUMIFS('General ledger'!$F$2:$F$85,'General ledger'!$C$2:$C$85,"=uk",'General ledger'!$D$2:$D$85,"=sales",'General ledger'!$E$2:$E$85,"=travel",'General ledger'!$G$2:$G$85,"jun26") -> -7507
A59: travel | B59: uk | C59: sales | D59: budget | E59: -6528 | F59: -6528 | G59: -6528 | H59: -6528 | I59: -6528 | J59: -6528
A60: travel | B60: uk | C60: sales | D60: variance | E60: =(E58-E59) -> -128 | F60: =(F58-F59) -> -591 | G60: =(G58-G59) -> 422 | H60: =(H58-H59) -> -29 | I60: =(I58-I59) -> -497 | J60: =(J58-J59) -> -979
A61: travel | B61: uk | C61: sales | D61: Variance % | E61: =IFERROR((E60/ABS(E59)),"") -> -0.019607843 | F61: =IFERROR((F60/ABS(F59)),"") -> -0.090533088 | G61: =IFERROR((G60/ABS(G59)),"") -> 0.064644608 | H61: =IFERROR((H60/ABS(H59)),"") -> -0.004442402 | I61: =IFERROR((I60/ABS(I59)),"") -> -0.076133578 | J61: =IFERROR((J60/ABS(J59)),"") -> -0.14996936
A62: travel | B62: uk | C62: engineering | D62: actual | E62: =SUMIFS('General ledger'!$F$2:$F$85,'General ledger'!$C$2:$C$85,"=uk",'General ledger'!$D$2:$D$85,"=engineering",'General ledger'!$E$2:$E$85,"=travel",'General ledger'!$G$2:$G$85,"jan26") -> -6016 | F62: =SUMIFS('General ledger'!$F$2:$F$85,'General ledger'!$C$2:$C$85,"=uk",'General ledger'!$D$2:$D$85,"=engineering",'General ledger'!$E$2:$E$85,"=travel",'General ledger'!$G$2:$G$85,"feb26") -> -6460 | G62: =SUMIFS('General ledger'!$F$2:$F$85,'General ledger'!$C$2:$C$85,"=uk",'General ledger'!$D$2:$D$85,"=engineering",'General ledger'!$E$2:$E$85,"=travel",'General ledger'!$G$2:$G$85,"mar26") -> -6920 | H62: =SUMIFS('General ledger'!$F$2:$F$85,'General ledger'!$C$2:$C$85,"=uk",'General ledger'!$D$2:$D$85,"=engineering",'General ledger'!$E$2:$E$85,"=travel",'General ledger'!$G$2:$G$85,"apr26") -> -7395 | I62: =SUMIFS('General ledger'!$F$2:$F$85,'General ledger'!$C$2:$C$85,"=uk",'General ledger'!$D$2:$D$85,"=engineering",'General ledger'!$E$2:$E$85,"=travel",'General ledger'!$G$2:$G$85,"may26") -> -7885 | J62: =SUMIFS('General ledger'!$F$2:$F$85,'General ledger'!$C$2:$C$85,"=uk",'General ledger'!$D$2:$D$85,"=engineering",'General ledger'!$E$2:$E$85,"=travel",'General ledger'!$G$2:$G$85,"jun26") -> -6771
A63: travel | B63: uk | C63: engineering | D63: budget | E63: -6528 | F63: -6528 | G63: -6528 | H63: -6528 | I63: -6528 | J63: -6528
A64: travel | B64: uk | C64: engineering | D64: variance | E64: =(E62-E63) -> 512 | F64: =(F62-F63) -> 68 | G64: =(G62-G63) -> -392 | H64: =(H62-H63) -> -867 | I64: =(I62-I63) -> -1357 | J64: =(J62-J63) -> -243
A65: travel | B65: uk | C65: engineering | D65: Variance % | E65: =IFERROR((E64/ABS(E63)),"") -> 0.078431373 | F65: =IFERROR((F64/ABS(F63)),"") -> 0.010416667 | G65: =IFERROR((G64/ABS(G63)),"") -> -0.06004902 | H65: =IFERROR((H64/ABS(H63)),"") -> -0.1328125 | I65: =IFERROR((I64/ABS(I63)),"") -> -0.20787377 | J65: =IFERROR((J64/ABS(J63)),"") -> -0.037224265
A66: Net | B66: us | C66: sales | D66: actual | E66: =SUM(E2,E18,E34,E50) -> 277008 | F66: =SUM(F2,F18,F34,F50) -> 303957 | G66: =SUM(G2,G18,G34,G50) -> 211660 | H66: =SUM(H2,H18,H34,H50) -> 231045 | I66: =SUM(I2,I18,I34,I50) -> 293153 | J66: =SUM(J2,J18,J34,J50) -> 312708
A67: Net | B67: us | C67: sales | D67: budget | E67: =SUM(E3,E19,E35,E51) -> 259488 | F67: =SUM(F3,F19,F35,F51) -> 259488 | G67: =SUM(G3,G19,G35,G51) -> 259488 | H67: =SUM(H3,H19,H35,H51) -> 259488 | I67: =SUM(I3,I19,I35,I51) -> 259488 | J67: =SUM(J3,J19,J35,J51) -> 259488
A68: Net | B68: us | C68: sales | D68: variance | E68: =(E66-E67) -> 17520 | F68: =(F66-F67) -> 44469 | G68: =(G66-G67) -> -47828 | H68: =(H66-H67) -> -28443 | I68: =(I66-I67) -> 33665 | J68: =(J66-J67) -> 53220
A69: Net | B69: us | C69: sales | D69: Variance % | E69: =IFERROR((E68/ABS(E67)),"") -> 0.067517573 | F69: =IFERROR((F68/ABS(F67)),"") -> 0.17137209 | G69: =IFERROR((G68/ABS(G67)),"") -> -0.18431681 | H69: =IFERROR((H68/ABS(H67)),"") -> -0.10961201 | I69: =IFERROR((I68/ABS(I67)),"") -> 0.12973625 | J69: =IFERROR((J68/ABS(J67)),"") -> 0.20509619
A70: Net | B70: us | C70: engineering | D70: actual | E70: =SUM(E6,E22,E38,E54) -> -239232 | F70: =SUM(F6,F22,F38,F54) -> -214915 | G70: =SUM(G6,G22,G38,G54) -> -230741 | H70: =SUM(H6,H22,H38,H54) -> -238475 | I70: =SUM(I6,I22,I38,I54) -> -255145 | J70: =SUM(J6,J22,J38,J54) -> -269928
A71: Net | B71: us | C71: engineering | D71: budget | E71: =SUM(E7,E23,E39,E55) -> -230112 | F71: =SUM(F7,F23,F39,F55) -> -230112 | G71: =SUM(G7,G23,G39,G55) -> -230112 | H71: =SUM(H7,H23,H39,H55) -> -230112 | I71: =SUM(I7,I23,I39,I55) -> -230112 | J71: =SUM(J7,J23,J39,J55) -> -230112
A72: Net | B72: us | C72: engineering | D72: variance | E72: =(E70-E71) -> -9120 | F72: =(F70-F71) -> 15197 | G72: =(G70-G71) -> -629 | H72: =(H70-H71) -> -8363 | I72: =(I70-I71) -> -25033 | J72: =(J70-J71) -> -39816
A73: Net | B73: us | C73: engineering | D73: Variance % | E73: =IFERROR((E72/ABS(E71)),"") -> -0.039632874 | F73: =IFERROR((F72/ABS(F71)),"") -> 0.066041754 | G73: =IFERROR((G72/ABS(G71)),"") -> -0.0027334515 | H73: =IFERROR((H72/ABS(H71)),"") -> -0.036343172 | I73: =IFERROR((I72/ABS(I71)),"") -> -0.10878616 | J73: =IFERROR((J72/ABS(J71)),"") -> -0.17302879
A74: Net | B74: uk | C74: sales | D74: actual | E74: =SUM(E10,E26,E42,E58) -> 193344 | F74: =SUM(F10,F26,F42,F58) -> 206132 | G74: =SUM(G10,G26,G42,G58) -> 146195 | H74: =SUM(H10,H26,H42,H58) -> 157728 | I74: =SUM(I10,I26,I42,I58) -> 199234 | J74: =SUM(J10,J26,J42,J58) -> 212373
A75: Net | B75: uk | C75: sales | D75: budget | E75: =SUM(E11,E27,E43,E59) -> 172992 | F75: =SUM(F11,F27,F43,F59) -> 172992 | G75: =SUM(G11,G27,G43,G59) -> 172992 | H75: =SUM(H11,H27,H43,H59) -> 172992 | I75: =SUM(I11,I27,I43,I59) -> 172992 | J75: =SUM(J11,J27,J43,J59) -> 172992
A76: Net | B76: uk | C76: sales | D76: variance | E76: =(E74-E75) -> 20352 | F76: =(F74-F75) -> 33140 | G76: =(G74-G75) -> -26797 | H76: =(H74-H75) -> -15264 | I76: =(I74-I75) -> 26242 | J76: =(J74-J75) -> 39381
A77: Net | B77: uk | C77: sales | D77: Variance % | E77: =IFERROR((E76/ABS(E75)),"") -> 0.11764706 | F77: =IFERROR((F76/ABS(F75)),"") -> 0.19156955 | G77: =IFERROR((G76/ABS(G75)),"") -> -0.15490312 | H77: =IFERROR((H76/ABS(H75)),"") -> -0.088235294 | I77: =IFERROR((I76/ABS(I75)),"") -> 0.15169488 | J77: =IFERROR((J76/ABS(J75)),"") -> 0.22764637
A78: Net | B78: uk | C78: engineering | D78: actual | E78: =SUM(E14,E30,E46,E62) -> -162496 | F78: =SUM(F14,F30,F46,F62) -> -146375 | G78: =SUM(G14,G30,G46,G62) -> -157016 | H78: =SUM(H14,H30,H46,H62) -> -162262 | I78: =SUM(I14,I30,I46,I62) -> -173466 | J78: =SUM(J14,J30,J46,J62) -> -183411
A79: Net | B79: uk | C79: engineering | D79: budget | E79: =SUM(E15,E31,E47,E63) -> -153408 | F79: =SUM(F15,F31,F47,F63) -> -153408 | G79: =SUM(G15,G31,G47,G63) -> -153408 | H79: =SUM(H15,H31,H47,H63) -> -153408 | I79: =SUM(I15,I31,I47,I63) -> -153408 | J79: =SUM(J15,J31,J47,J63) -> -153408
A80: Net | B80: uk | C80: engineering | D80: variance | E80: =(E78-E79) -> -9088 | F80: =(F78-F79) -> 7033 | G80: =(G78-G79) -> -3608 | H80: =(H78-H79) -> -8854 | I80: =(I78-I79) -> -20058 | J80: =(J78-J79) -> -30003
A81: Net | B81: uk | C81: engineering | D81: Variance % | E81: =IFERROR((E80/ABS(E79)),"") -> -0.059240718 | F81: =IFERROR((F80/ABS(F79)),"") -> 0.045845067 | G81: =IFERROR((G80/ABS(G79)),"") -> -0.023518982 | H81: =IFERROR((H80/ABS(H79)),"") -> -0.057715373 | I81: =IFERROR((I80/ABS(I79)),"") -> -0.13074937 | J81: =IFERROR((J80/ABS(J79)),"") -> -0.1955765

Sheet Budget vs actual comment
A1: line | B1: subsidiary | C1: department | D1: version | E1: Jan-26 | F1: Feb-26 | G1: Mar-26 | H1: Apr-26 | I1: May-26 | J1: Jun-26
A2: revenue | B2: us | C2: sales | D2: actual
A3: revenue | B3: us | C3: sales | D3: budget
A4: revenue | B4: us | C4: sales | D4: variance | G4: Two enterprise renewals slipped to April; both signed in the first week.
A5: revenue | B5: us | C5: sales | D5: Variance %
A6: revenue | B6: us | C6: engineering | D6: actual
A7: revenue | B7: us | C7: engineering | D7: budget
A8: revenue | B8: us | C8: engineering | D8: variance | G8: No revenue budgeted for engineering.
A9: revenue | B9: us | C9: engineering | D9: Variance %
A10: revenue | B10: uk | C10: sales | D10: actual
A11: revenue | B11: uk | C11: sales | D11: budget
A12: revenue | B12: uk | C12: sales | D12: variance | G12: One mid-market deal lost to a competitor; pipeline covers Q2.
A13: revenue | B13: uk | C13: sales | D13: Variance %
A14: revenue | B14: uk | C14: engineering | D14: actual
A15: revenue | B15: uk | C15: engineering | D15: budget
A16: revenue | B16: uk | C16: engineering | D16: variance | G16: No revenue budgeted for engineering.
A17: revenue | B17: uk | C17: engineering | D17: Variance %
A18: salaries | B18: us | C18: sales | D18: actual
A19: salaries | B19: us | C19: sales | D19: budget
A20: salaries | B20: us | C20: sales | D20: variance | G20: Two AEs hired in February ahead of plan; ramp quota starts in Q2.
A21: salaries | B21: us | C21: sales | D21: Variance %
A22: salaries | B22: us | C22: engineering | D22: actual
A23: salaries | B23: us | C23: engineering | D23: budget
A24: salaries | B24: us | C24: engineering | D24: variance | G24: One open requisition unfilled; backfill starts in May.
A25: salaries | B25: us | C25: engineering | D25: Variance %
A26: salaries | B26: uk | C26: sales | D26: actual
A27: salaries | B27: uk | C27: sales | D27: budget
A28: salaries | B28: uk | C28: sales | D28: variance | G28: Commission accrual on the February over-attainment.
A29: salaries | B29: uk | C29: sales | D29: Variance %
A30: salaries | B30: uk | C30: engineering | D30: actual
A31: salaries | B31: uk | C31: engineering | D31: budget
A32: salaries | B32: uk | C32: engineering | D32: variance | G32: On plan.
A33: salaries | B33: uk | C33: engineering | D33: Variance %
A34: cloud | B34: us | C34: sales | D34: actual
A35: cloud | B35: us | C35: sales | D35: budget
A36: cloud | B36: us | C36: sales | D36: variance | G36: On plan.
A37: cloud | B37: us | C37: sales | D37: Variance %
A38: cloud | B38: us | C38: engineering | D38: actual
A39: cloud | B39: us | C39: engineering | D39: budget
A40: cloud | B40: us | C40: engineering | D40: variance | G40: GPU cluster for the Q1 training run; one-off, approved by CTO.
A41: cloud | B41: us | C41: engineering | D41: Variance %
A42: cloud | B42: uk | C42: sales | D42: actual
A43: cloud | B43: uk | C43: sales | D43: budget
A44: cloud | B44: uk | C44: sales | D44: variance | G44: On plan.
A45: cloud | B45: uk | C45: sales | D45: Variance %
A46: cloud | B46: uk | C46: engineering | D46: actual
A47: cloud | B47: uk | C47: engineering | D47: budget
A48: cloud | B48: uk | C48: engineering | D48: variance | G48: Data transfer for the EU region migration; recurs through May.
A49: cloud | B49: uk | C49: engineering | D49: Variance %
A50: travel | B50: us | C50: sales | D50: actual
A51: travel | B51: us | C51: sales | D51: budget
A52: travel | B52: us | C52: sales | D52: variance | G52: SKO travel booked late; the rest of the quarter is on plan.
A53: travel | B53: us | C53: sales | D53: Variance %
A54: travel | B54: us | C54: engineering | D54: actual
A55: travel | B55: us | C55: engineering | D55: budget
A56: travel | B56: us | C56: engineering | D56: variance | G56: Conference travel for two engineers.
A57: travel | B57: us | C57: engineering | D57: Variance %
A58: travel | B58: uk | C58: sales | D58: actual
A59: travel | B59: uk | C59: sales | D59: budget
A60: travel | B60: uk | C60: sales | D60: variance | F60: Two trade shows moved from March into February. | G60: Trade shows moved into February; March travel below plan.
A61: travel | B61: uk | C61: sales | D61: Variance %
A62: travel | B62: uk | C62: engineering | D62: actual
A63: travel | B63: uk | C63: engineering | D63: budget
A64: travel | B64: uk | C64: engineering | D64: variance | G64: On plan.
A65: travel | B65: uk | C65: engineering | D65: Variance %
A66: Net | B66: us | C66: sales | D66: actual
A67: Net | B67: us | C67: sales | D67: budget
A68: Net | B68: us | C68: sales | D68: variance | G68: Timing: April revenue will absorb the March slip.
A69: Net | B69: us | C69: sales | D69: Variance %
A70: Net | B70: us | C70: engineering | D70: actual
A71: Net | B71: us | C71: engineering | D71: budget
A72: Net | B72: us | C72: engineering | D72: variance | G72: Cloud overage offset by the unfilled role.
A73: Net | B73: us | C73: engineering | D73: Variance %
A74: Net | B74: uk | C74: sales | D74: actual
A75: Net | B75: uk | C75: sales | D75: budget
A76: Net | B76: uk | C76: sales | D76: variance | G76: Revenue miss plus commission accrual; Q2 pipeline covers it.
A77: Net | B77: uk | C77: sales | D77: Variance %
A78: Net | B78: uk | C78: engineering | D78: actual
A79: Net | B79: uk | C79: engineering | D79: budget
A80: Net | B80: uk | C80: engineering | D80: variance | G80: Migration cloud costs; approved in the Q1 forecast.
A81: Net | B81: uk | C81: engineering | D81: Variance %

Sheet Periods
A1: ID | B1: Name | C1: Start | D1: End | E1: Frame | F1: Year | G1: Quarter | H1: Index
A2: jan26 | B2: Jan-26 | C2: 46023 | D2: 46053 | E2: fcst | F2: 2026 | G2: Q1 2026 | H2: 0
A3: feb26 | B3: Feb-26 | C3: 46054 | D3: 46081 | E3: fcst | F3: 2026 | G3: Q1 2026 | H3: 1
A4: mar26 | B4: Mar-26 | C4: 46082 | D4: 46112 | E4: fcst | F4: 2026 | G4: Q1 2026 | H4: 2
A5: apr26 | B5: Apr-26 | C5: 46113 | D5: 46142 | E5: fcst | F5: 2026 | G5: Q2 2026 | H5: 3
A6: may26 | B6: May-26 | C6: 46143 | D6: 46173 | E6: fcst | F6: 2026 | G6: Q2 2026 | H6: 4
A7: jun26 | B7: Jun-26 | C7: 46174 | D7: 46203 | E7: fcst | F7: 2026 | G7: Q2 2026 | H7: 5

Sheet General ledger
A1: ID | B1: date | C1: subsidiary | D1: department | E1: account | F1: amount | G1: period
A2: l1 | B2: 46037 | C2: us | D2: sales | E2: revenue | F2: 499200 | G2: ="jan26" -> jan26
A3: l2 | B3: 46037 | C3: us | D3: sales | E3: salaries | F3: -172800 | G3: ="jan26" -> jan26
A4: l3 | B4: 46037 | C4: us | D4: sales | E4: cloud | F4: -39600 | G4: ="jan26" -> jan26
A5: l4 | B5: 46037 | C5: us | D5: sales | E5: travel | F5: -9792 | G5: ="jan26" -> jan26
A6: l6 | B6: 46037 | C6: us | D6: engineering | E6: salaries | F6: -194400 | G6: ="jan26" -> jan26
A7: l7 | B7: 46037 | C7: us | D7: engineering | E7: cloud | F7: -36000 | G7: ="jan26" -> jan26
A8: l8 | B8: 46037 | C8: us | D8: engineering | E8: travel | F8: -8832 | G8: ="jan26" -> jan26
A9: l9 | B9: 46037 | C9: uk | D9: sales | E9: revenue | F9: 339200 | G9: ="jan26" -> jan26
A10: l10 | B10: 46037 | C10: uk | D10: sales | E10: salaries | F10: -117600 | G10: ="jan26" -> jan26
A11: l11 | B11: 46037 | C11: uk | D11: sales | E11: cloud | F11: -21600 | G11: ="jan26" -> jan26
A12: l12 | B12: 46037 | C12: uk | D12: sales | E12: travel | F12: -6656 | G12: ="jan26" -> jan26
A13: l14 | B13: 46037 | C13: uk | D13: engineering | E13: salaries | F13: -132000 | G13: ="jan26" -> jan26
... A15: l16 | B15: 46037 | C15: uk | D15: engineering | E15: travel | F15: -6016 | G15: ="jan26" -> jan26
A16: l17 | B16: 46068 | C16: us | D16: sales | E16: revenue | F16: 533952 | G16: ="feb26" -> feb26
A17: l18 | B17: 46068 | C17: us | D17: sales | E17: salaries | F17: -185400 | G17: ="feb26" -> feb26
A18: l19 | B18: 46068 | C18: us | D18: sales | E18: cloud | F18: -34114 | G18: ="feb26" -> feb26
A19: l20 | B19: 46068 | C19: us | D19: sales | E19: travel | F19: -10481 | G19: ="feb26" -> feb26
A20: l22 | B20: 46068 | C20: us | D20: engineering | E20: salaries | F20: -166860 | G20: ="feb26" -> feb26
A21: l23 | B21: 46068 | C21: us | D21: engineering | E21: cloud | F21: -38563 | G21: ="feb26" -> feb26
A22: l24 | B22: 46068 | C22: us | D22: engineering | E22: travel | F22: -9492 | G22: ="feb26" -> feb26
A23: l25 | B23: 46068 | C23: uk | D23: sales | E23: revenue | F23: 362560 | G23: ="feb26" -> feb26
A24: l26 | B24: 46068 | C24: uk | D24: sales | E24: salaries | F24: -126072 | G24: ="feb26" -> feb26
A25: l27 | B25: 46068 | C25: uk | D25: sales | E25: cloud | F25: -23237 | G25: ="feb26" -> feb26
A26: l28 | B26: 46068 | C26: uk | D26: sales | E26: travel | F26: -7119 | G26: ="feb26" -> feb26
A27: l30 | B27: 46068 | C27: uk | D27: engineering | E27: salaries | F27: -113712 | G27: ="feb26" -> feb26
... A29: l32 | B29: 46068 | C29: uk | D29: engineering | E29: travel | F29: -6460 | G29: ="feb26" -> feb26
A30: l33 | B30: 46096 | C30: us | D30: sales | E30: revenue | F30: 457920 | G30: ="mar26" -> mar26
A31: l34 | B31: 46096 | C31: us | D31: sales | E31: salaries | F31: -198432 | G31: ="mar26" -> mar26
A32: l35 | B32: 46096 | C32: us | D32: sales | E32: cloud | F32: -36634 | G32: ="mar26" -> mar26
A33: l36 | B33: 46096 | C33: us | D33: sales | E33: travel | F33: -11194 | G33: ="mar26" -> mar26
A34: l38 | B34: 46096 | C34: us | D34: engineering | E34: salaries | F34: -179352 | G34: ="mar26" -> mar26
A35: l39 | B35: 46096 | C35: us | D35: engineering | E35: cloud | F35: -41213 | G35: ="mar26" -> mar26
A36: l40 | B36: 46096 | C36: us | D36: engineering | E36: travel | F36: -10176 | G36: ="mar26" -> mar26
A37: l41 | B37: 46096 | C37: uk | D37: sales | E37: revenue | F37: 312064 | G37: ="mar26" -> mar26
A38: l42 | B38: 46096 | C38: uk | D38: sales | E38: salaries | F38: -134832 | G38: ="mar26" -> mar26
A39: l43 | B39: 46096 | C39: uk | D39: sales | E39: cloud | F39: -24931 | G39: ="mar26" -> mar26
A40: l44 | B40: 46096 | C40: uk | D40: sales | E40: travel | F40: -6106 | G40: ="mar26" -> mar26
A41: l46 | B41: 46096 | C41: uk | D41: engineering | E41: salaries | F41: -122112 | G41: ="mar26" -> mar26
... A43: l48 | B43: 46096 | C43: uk | D43: engineering | E43: travel | F43: -6920 | G43: ="mar26" -> mar26
A44: l49 | B44: 46127 | C44: us | D44: sales | E44: revenue | F44: 491808 | G44: ="apr26" -> apr26
A45: l50 | B45: 46127 | C45: us | D45: sales | E45: salaries | F45: -211896 | G45: ="apr26" -> apr26
A46: l51 | B46: 46127 | C46: us | D46: sales | E46: cloud | F46: -39240 | G46: ="apr26" -> apr26
A47: l52 | B47: 46127 | C47: us | D47: sales | E47: travel | F47: -9627 | G47: ="apr26" -> apr26
A48: l54 | B48: 46127 | C48: us | D48: engineering | E48: salaries | F48: -192276 | G48: ="apr26" -> apr26
A49: l55 | B49: 46127 | C49: us | D49: engineering | E49: cloud | F49: -35316 | G49: ="apr26" -> apr26
A50: l56 | B50: 46127 | C50: us | D50: engineering | E50: travel | F50: -10883 | G50: ="apr26" -> apr26
A51: l57 | B51: 46127 | C51: uk | D51: sales | E51: revenue | F51: 334848 | G51: ="apr26" -> apr26
A52: l58 | B52: 46127 | C52: uk | D52: sales | E52: salaries | F52: -143880 | G52: ="apr26" -> apr26
A53: l59 | B53: 46127 | C53: uk | D53: sales | E53: cloud | F53: -26683 | G53: ="apr26" -> apr26
A54: l60 | B54: 46127 | C54: uk | D54: sales | E54: travel | F54: -6557 | G54: ="apr26" -> apr26
A55: l62 | B55: 46127 | C55: uk | D55: engineering | E55: salaries | F55: -130800 | G55: ="apr26" -> apr26
... A57: l64 | B57: 46127 | C57: uk | D57: engineering | E57: travel | F57: -7395 | G57: ="apr26" -> apr26
A58: l65 | B58: 46157 | C58: us | D58: sales | E58: revenue | F58: 526848 | G58: ="may26" -> may26
A59: l66 | B59: 46157 | C59: us | D59: sales | E59: salaries | F59: -181440 | G59: ="may26" -> may26
A60: l67 | B60: 46157 | C60: us | D60: sales | E60: cloud | F60: -41933 | G60: ="may26" -> may26
A61: l68 | B61: 46157 | C61: us | D61: sales | E61: travel | F61: -10322 | G61: ="may26" -> may26
A62: l70 | B62: 46157 | C62: us | D62: engineering | E62: salaries | F62: -205632 | G62: ="may26" -> may26
A63: l71 | B63: 46157 | C63: us | D63: engineering | E63: cloud | F63: -37901 | G63: ="may26" -> may26
A64: l72 | B64: 46157 | C64: us | D64: engineering | E64: travel | F64: -11612 | G64: ="may26" -> may26
A65: l73 | B65: 46157 | C65: uk | D65: sales | E65: revenue | F65: 358400 | G65: ="may26" -> may26
A66: l74 | B66: 46157 | C66: uk | D66: sales | E66: salaries | F66: -123648 | G66: ="may26" -> may26
A67: l75 | B67: 46157 | C67: uk | D67: sales | E67: cloud | F67: -28493 | G67: ="may26" -> may26
A68: l76 | B68: 46157 | C68: uk | D68: sales | E68: travel | F68: -7025 | G68: ="may26" -> may26
A69: l78 | B69: 46157 | C69: uk | D69: engineering | E69: salaries | F69: -139776 | G69: ="may26" -> may26
... A71: l80 | B71: 46157 | C71: uk | D71: engineering | E71: travel | F71: -7885 | G71: ="may26" -> may26
A72: l81 | B72: 46188 | C72: us | D72: sales | E72: revenue | F72: 563040 | G72: ="jun26" -> jun26
A73: l82 | B73: 46188 | C73: us | D73: sales | E73: salaries | F73: -194580 | G73: ="jun26" -> jun26
A74: l83 | B74: 46188 | C74: us | D74: sales | E74: cloud | F74: -44712 | G74: ="jun26" -> jun26
A75: l84 | B75: 46188 | C75: us | D75: sales | E75: travel | F75: -11040 | G75: ="jun26" -> jun26
A76: l86 | B76: 46188 | C76: us | D76: engineering | E76: salaries | F76: -219420 | G76: ="jun26" -> jun26
A77: l87 | B77: 46188 | C77: us | D77: engineering | E77: cloud | F77: -40572 | G77: ="jun26" -> jun26
A78: l88 | B78: 46188 | C78: us | D78: engineering | E78: travel | F78: -9936 | G78: ="jun26" -> jun26
A79: l89 | B79: 46188 | C79: uk | D79: sales | E79: revenue | F79: 382720 | G79: ="jun26" -> jun26
A80: l90 | B80: 46188 | C80: uk | D80: sales | E80: salaries | F80: -132480 | G80: ="jun26" -> jun26
A81: l91 | B81: 46188 | C81: uk | D81: sales | E81: cloud | F81: -30360 | G81: ="jun26" -> jun26
A82: l92 | B82: 46188 | C82: uk | D82: sales | E82: travel | F82: -7507 | G82: ="jun26" -> jun26
A83: l94 | B83: 46188 | C83: uk | D83: engineering | E83: salaries | F83: -149040 | G83: ="jun26" -> jun26
... A85: l96 | B85: 46188 | C85: uk | D85: engineering | E85: travel | F85: -6771 | G85: ="jun26" -> jun26

Sheet subsidiaries
A1: ID
A2: us
A3: uk

Sheet departments
A1: ID
A2: sales
A3: engineering

Sheet Lines
A1: ID | B1: name
A2: revenue
A3: salaries
A4: cloud
A5: travel
A6: total | B6: Net

Sheet Versions
A1: ID | B1: name | C1: format
A2: actual
A3: budget
A4: variance
A5: variance_pct | B5: Variance % | C5: percent

Sheet Rules
A1: Table | B1: Target | C1: When | D1: Formula | E1: Status
A2: ledger | B2: period | D2: PERIOD(date, periods) | E2: ok
A3: bva | B3: value | C3: version = actual | D3: SUM(ledger.amount[subsidiary=@subsidiary, department=@department, account=@line]) | E3: ok
A4: bva | B4: value | C4: line = total | D4: SUM(value[line != total]) | E4: ok
A5: bva | B5: value | C5: version = variance | D5: value[version=actual] - value[version=budget] | E5: ok
A6: bva | B6: value | C6: version = variance_pct | D6: IFERROR(value[version=variance] / ABS(value[version=budget]), BLANK) | E6: ok
A8: Rules are what the model is made of; the cell formulas on the other sheets were compiled from them. Inputs are blue, formulas black.
